 Dungeon Crawl Stone Soup version 0.21.1-1-g345015f (webtiles) character file.

380 tevo3000 the Cutter (level 6, 0/44 HPs)
             Began as a Demonspawn Gladiator on Feb 5, 2018.
             Killed from afar by an orc wizard (1 damage)
             ... with a magic dart
             ... on level 4 of the Dungeon.
             The game lasted 00:09:05 (2253 turns).

tevo3000 the Cutter (Demonspawn Gladiator)          Turns: 2253, Time: 00:09:05

Health: 0/44       AC: 11    Str: 15 (16) XL:     6   Next: 46%
Magic:  6/6        EV:  7    Int:  9 (10) God:
Gold:   182        SH:  0    Dex: 12 (14) Spells: 5/5 levels left

rFire    . . .     SeeInvis .   g - +1 short sword (elec)
rCold    . . .     Gourm    .   (no shield)
rNeg     . . .     Faith    +   i - +1 chain mail
rPois    .         Spirit   .   (helmet restricted)
rElec    .         Reflect  .   a - +0 cloak
rCorr    .         Harm     .   (no gloves)
MR       .....                  (no boots)
Stlth    ..........             m - amulet of faith
HPRegen  0.14/turn              (no ring)
MPRegen  0.10/turn              (no ring)

@: no status effects
A: antennae 2, rot immunity
a: no special abilities


You were on level 4 of the Dungeon.
You were not hungry.

You visited 1 branch of the dungeon, and saw 4 of its levels.

You collected 182 gold pieces.

Inventory:

Hand Weapons
 g - a +1 short sword of electrocution (weapon)
Missiles
 d - 2 throwing nets (quivered)
 k - 24 poisoned needles
Armour
 a - a +0 cloak (worn)
 i - a +1 chain mail (worn)
 j - a +1 helmet
Jewellery
 m - an amulet of faith (around neck)
Scrolls
 c - 3 scrolls of remove curse
 l - a scroll of amnesia
 o - 2 scrolls of identify
Potions
 b - a potion of brilliance
 e - a potion of haste
Comestibles
 f - 3 rations


   Skills:
 - Level 2.0 Fighting
 * Level 4.1(4.8) Short Blades
   Level 3.4(4.4) Long Blades
 - Level 1.8 Throwing
 + Level 3.1 Armour
 - Level 2.9 Dodging


You had 5 spell levels left.
You didn't know any spells.

Dungeon Overview and Level Annotations

Branches:
Dungeon (4/15)
 Temple: D:4-7

Altars:
Makhleb


Innate Abilities, Weirdness & Mutations

You have a pair of antennae on your head.
You are immune to rotting.


Message History

The orc wizard hits you but does no damage.
The orc wizard hits you with a dagger.
* * * LOW HITPOINT WARNING * * *
You hit the orc wizard.
The orc wizard is heavily wounded.
The orc wizard hits you but does no damage.
You hit the orc wizard but do no damage.
The orc wizard is heavily wounded.
The orc wizard closely misses you.
You hit the orc wizard.
The orc wizard is severely wounded.
The orc wizard hits you but does no damage.
Okay, then.
The orc wizard hits you but does no damage.
The orc wizard points at you and mumbles some strange words.
The magic dart hits you!
* * * LOW HITPOINT WARNING * * *
The orc wizard casts a spell at you. The magic dart hits you!
You die...

#...##.##...
#...##†###.#
#...##.###.# # #..
########.......[..#
#.#.o
#.........###.#####
###.#..#####.#######)#
#.# # #............#
#.# #.# # #..o....#
#..#######.# #.# #
#.......# #..@.o).†..#
#.#
#......o###.##########
#.# #..<........# #.
######.###### #. #. #.
#. #.


You could see an orc wizard.

Vanquished Creatures
  Sigmund (D:3)
  A bullfrog skeleton (D:4)
  An orc priest (D:4)
  A worker ant (D:4)
  6 adders
  An ooze (D:1)
  5 worms
  A dart slug (D:1)
  3 leopard geckos
  5 orcs
  3 giant cockroaches
  5 goblins
  6 hobgoblins
  3 jackals (D:2)
  A ball python (D:3)
  6 bats
  6 frilled lizards
  7 kobolds
  A leopard gecko skeleton (D:3)
  5 rats
68 creatures vanquished.

Notes
Turn   | Place    | Note
-------+----------+-------------------------------------------
     0 | D:1      | tevo3000 the Demonspawn Gladiator began the quest for the Orb.
     0 | D:1      | Reached XP level 1. HP: 16/16 MP: 1/1
   217 | D:1      | Gained mutation: You have a pair of small antennae on your head. [demonic ancestry]
   217 | D:1      | Reached XP level 2. HP: 22/22 MP: 2/2
   787 | D:2      | Gained mutation: You have a pair of antennae on your head. [demonic ancestry]
   787 | D:2      | Reached XP level 3. HP: 26/27 MP: 3/3
   818 | D:2      | Reached skill level 1 in Armour
   958 | D:2      | Found a burning altar of Makhleb.
  1018 | D:2      | Reached skill level 1 in Short Blades
  1144 | D:3      | Gained mutation: You are immune to rotting. [demonic ancestry]
  1144 | D:3      | Reached XP level 4. HP: 33/33 MP: 4/4
  1459 | D:3      | Noticed Sigmund
  1479 | D:3      | Killed Sigmund
  1479 | D:3      | Reached skill level 3 in Short Blades
  1479 | D:3      | Reached XP level 5. HP: 35/38 MP: 5/5
  1621 | D:3      | Found a faded altar of an unknown god.
  1760 | D:4      | Reached XP level 6. HP: 39/44 MP: 6/6
  2158 | D:4      | Reached skill level 4 in Short Blades
  2252 | D:4      | HP: 1/44 [orc wizard/magic dart (3)]
  2253 | D:4      | Killed from afar by an orc wizard

Skill      XL: |  1  2  3  4  5  6 |
---------------+-------------------+-----
Long Blades    | 3 |  3.4
Armour         | 1 2 3 |  3.1
Short Blades   | 1 3 4 |  4.1
Fighting       | |  2.0
Throwing       | |  1.8
Dodging        | |  2.9

Action                   |  1- 3 |  4- 6 || total
-------------------------+-------+-------++-------
Melee: Long sword        |    74 |       ||    74
       Short sword       |    41 |   128 ||   169
Throw: Throwing net      |       |     1 ||     1
  Use: Scroll            |     7 |     1 ||     8
       Potion            |       |     6 ||     6
  Eat: Chunk             |       |     2 ||     2
       Ration            |       |     1 ||     1
Armor: Leather armour    |     3 |       ||     3
       Chain mail        |    58 |    66 ||   124
       Ring mail         |    16 |       ||    16
Dodge: Dodged            |    80 |    48 ||   128
       Rpst.: Long sword |    14 |       ||    14
